 Dungeon Crawl Stone Soup version 0.30.1-4-g462c640d31 (webtiles) character file.

Game seed: 17217515552917180010

200 Zeor the Slasher (level 5, -8/39 HPs)
             Began as a Demonspawn Gladiator on Aug 31, 2023.
             Killed from afar by an orc wizard (12 damage)
             ... with a magic dart
             ... on level 3 of the Dungeon.
             The game lasted 00:06:18 (2037 turns).

Zeor the Slasher (Demonspawn Gladiator)             Turns: 2037, Time: 00:06:18

Health: -8/39      AC:  3    Str: 13 (14) XL:     5   Next: 48%
Magic:  5/5        EV: 17    Int:  9 (11) God:
Gold:   74         SH:  0    Dex: 15      Spells: 3/4 levels left

rFire   . . .        a - +1 long sword
rCold   . . .        (no shield)
rNeg    . . .        b - +0 leather armour
rPois   .            (helmet restricted)
rElec   .            (no cloak)
rCorr   .            (no gloves)
SInv    .            (no boots)
Will    .....        (no amulet)
Stlth   +            (no ring)
HPRegen 0.26/turn    (no ring)
MPRegen 0.09/turn

%: no passive effects
@: confused, agile
A: antennae 1, claws 1, powered by pain 1
a: no special abilities


You were on level 3 of the Dungeon.
You visited 1 branch of the dungeon, and saw 3 of its levels.

You collected 74 gold pieces.

Inventory:

Hand Weapons
 a - a +1 long sword (weapon)
 i - the +1 mace "Ogreslayer" {elec, rElec Int+4}
   (You found it on level 2 of the Dungeon)

   Int:       It affects your intelligence (+4).
   rElec:     It insulates you from electricity.
 m - a +3 mace of protection
Missiles
 d - 3 throwing nets
 e - a javelin
 f - 4 boomerangs (quivered)
Armour
 b - a +0 leather armour (worn)
Jewellery
 c - a ring of ice
Wands
 k - a wand of paralysis (11)
 l - a wand of flame (14)


   Skills:
 + Level 2.5 Fighting
 * Level 4.7 Long Blades
 + Level 1.9 Throwing
 + Level 1.4 Armour
 + Level 3.3 Dodging


You had 3 spell levels left.
You knew the following spells:

 Your Spells              Type           Power      Damage    Failure   Level
a - Apportation           Tloc           0%         N/A       45%         1

Your spell library contained the following spells:

 Spells                   Type           Power      Damage    Failure   Level
 Necrotise                Necr           0%         1d4       45%         1
 Sandblast                Erth           0%         2d4       45%         1
 Summon Small Mammal      Summ           0%         N/A       45%         1
 Passwall                 Tmut/Erth      0%         N/A       61%         2
 Sublimation of Blood     Necr           0%         N/A       61%         2
 Wereblood                Tmut           0%         N/A       61%         2
 Ozocubu's Armour         Ice            0%         N/A       83%         3
 Stone Arrow              Conj/Erth      0%         3d7       83%         3
 Ozocubu's Refrigeration  Ice            0%         4d7       100%        7
 Summon Hydra             Summ           0%         N/A       100%        7


Dungeon Overview and Level Annotations

Branches:
Dungeon (3/15)

Altars:
Wu Jian


Innate Abilities, Weirdness & Mutations

You have a pair of small antennae on your head.
You have sharp fingernails.
You sometimes gain a little power by taking damage.


Message History

You miss something. Something hits you.
You barely miss something. Something hits you.
You closely miss something. Something hits you.
You miss something. Something closely misses you.
You miss something.
You hear some strange, mumbled words.
You are confused.
Something hits you but does no damage.
You are too confused!
You barely miss something.
You hear some strange, mumbled words.
A puff of flame appears from out of thin air!
The puff of flame hits you!
* * * LOW HITPOINT WARNING * * *
You miss something.
You hear some strange, mumbled words.
You are more confused.
You're too confused to move!
You bump into the rock wall.
The orc completely misses you.
You hear some strange, mumbled words.
You are more confused.
You aren't carrying any potions.
Something hits you.
* * * LOW HITPOINT WARNING * * *
Something hits you.
* * * LOW HITPOINT WARNING * * *
You bump into the rock wall.
You bump into the rock wall.
You hear some strange, mumbled words.
A puff of flame appears from out of thin air!
The puff of flame misses you. The orc misses you.
You barely miss something.
You hear some strange, mumbled words.
You are more confused.
The orc completely misses you.
You bump into the rock wall.
Something completely misses you. The orc misses you.
A magic dart appears from out of thin air!
The magic dart hits you!
You die...

▒∙~~~~∙∙▒
▒∙∙~~∙∙∙▒
▒∙∙∙∙∙∙∙▒▒▒
▒∙∙∙∙∙∙∙∙∙
▒∙∙∙(∙(∙▒▒
▒∙∙∙∙∙∙∙▒
▒▒▒▒∙∙∙∙▄♣(▒
▒▒▒▒∙∙∙∙∙∙∙)∙∙▒
▒o{∙6▒▒∙∙)∙∙∙∙▒
▒∙o▒▒▒▒▒▒▒▒▒▒▒▒
▒∙∙▒▒▒▒ ▒∙∙∙oo▒
▒∙▒▒▒∙▒ ▒∙S∙∙
▒∙ {∙∙


>∙∙∙∙ ▒▒ ▒∙∙ ▒∙hh▒▒ ∙∙▒▒ ▒∙∙∙∙▒ ∙∙∙ ▒∙h∙∙ You could see 2 orcs.

Vanquished Creatures
  An orc priest (D:3)
  Natasha (twice) (D:2)
  2 gnolls (D:2)
  4 adders
  A worm (D:2)
  A dart slug (D:2)
  5 orcs
  9 ball pythons
  2 bats
  5 endoplasms
  3 giant cockroaches
  2 goblins (D:1)
  A hobgoblin (D:1)
  4 jackals (D:2)
  5 quokkas
  4 frilled lizards
  3 kobolds
  3 rats (D:1)
57 creatures vanquished.

Notes
Turn   | Place    | Note
-------+----------+-------------------------------------------
     0 | D:1      | Zeor the Demonspawn Gladiator began the quest for the Orb.
     0 | D:1      | Reached XP level 1. HP: 16/16 MP: 1/1
    89 | D:1      | Reached skill level 3 in Long Blades
   108 | D:1      | Gained mutation: You sometimes gain a little power by
                  | taking damage. [demonic ancestry]
   108 | D:1      | Reached XP level 2. HP: 15/22 MP: 2/2
   149 | D:1      | Learned a level 1 spell: Apportation
   377 | D:1      | You fall into a shaft and drop 1 floor!
   384 | D:2      | Identified the +1 mace "Ogreslayer" {elec, rElec Int+4}
   577 | D:2      | Discovered your monstrous ancestry.
   577 | D:2      | Gained mutation: You have sharp fingernails. [demonic
                  | ancestry]
   577 | D:2      | Reached XP level 3. HP: 23/27 MP: 3/3
  1195 | D:2      | Noticed Natasha
  1202 | D:2      | Reached skill level 1 in Armour
  1206 | D:2      | Killed Natasha
  1207 | D:2      | Reached XP level 4. HP: 34/34 MP: 4/4
  1265 | D:2      | Noticed Natasha
  1270 | D:2      | Killed Natasha
  1271 | D:2      | Reached skill level 4 in Long Blades
  1443 | D:2      | Gained mutation: You have a pair of small antennae on your
                  | head. [demonic ancestry]
  1443 | D:2      | Reached XP level 5. HP: 26/39 MP: 5/5
  1858 | D:3      | Found an ornate altar of the Wu Jian Council.
  2037 | D:3      | Killed from afar by an orc wizard

Illustrated notes

Levels and vault maps discovered:
D:1:      lightli_arrival_windingriver, layout_rooms, minmay_misc_feat_enclosed,
          st_stairs_9
D:2:      layout_basic, minivault_19, minmay_tall_x, uniq_natasha
D:3:      layout_rooms, nzn_wu_jian_contemplation, shapermc_ecumenical_altar_gd,
          hex_intersection, minmay_misc_feat_cross, dk_noncrumbling_4

Skill      XL: |  1  2  3  4 |
---------------+-------------+-----
Long Blades    | 3 4 |  4.7
Dodging        | 3 |  3.3
Armour         | 1 |  1.4
Fighting       | |  2.5
Throwing       | |  1.9

Action                     |  1- 3 |  4- 6 || total
---------------------------+-------+-------++-------
  Melee: Long sword        |   107 |    73 ||   180
         Punch             |     1 |     1 ||     2
    Use: Scroll            |     6 |     2 ||     8
         Potion            |       |     2 ||     2
 Armour: Leather armour    |    35 |    14 ||    49
  Dodge: Dodged            |    67 |    45 ||   112
